 Dungeon Crawl Stone Soup version 0.30-a0-778-g2ef04afb54 (console) character file.

Game seed: 4892997410032659269

201 rlgrobin the Chopper (level 6, -1/76 HPs)
             Began as a Meteoran Fighter on Feb 15, 2023.
             Was an Initiate of Hepliaklqana.
             Succumbed to a water moccasin's poison
             ... on level 7 of the Dungeon.
             The game lasted 00:02:41 (363 turns).

rlgrobin the Chopper (Meteoran Fighter)              Turns: 363, Time: 00:02:42

Health: -1/76      AC:  9    Str: 19    XL:     6   Next: 29%
Magic:  7/7        EV:  7    Int:  9    God:    Hepliaklqana [......]
Gold:   50         SH:  5    Dex: 15    Spells: 5/5 levels left

rFire   . . .      SeeInvis .    a - +0 war axe
rCold   . . .      Faith    .    c - +0 buckler
rNeg    . . .      Spirit   .    m - +0 chain mail
rPois   .          Reflect  .    (no helmet)
rElec   .          Harm     .    (no cloak)
rCorr   .          Rampage  .    (no gloves)
Will    .....                    (no boots) Stlth
                                 (no amulet)
HPRegen 0.32/turn                (no ring)
MPRegen 0.10/turn                (no ring)

@: berserking, lethally poisoned (-1 -> -10), hasted, glowing, very quick
A: sense surroundings 1, otherworldly, glowing, explore regen
a: Renounce Religion


You were on level 7 of the Dungeon.
You worshipped Hepliaklqana.
Hepliaklqana was noncommittal.
You visited 1 branch of the dungeon, and saw 7 of its levels.

You collected 50 gold pieces.

Inventory:

Hand Weapons
 a - a +0 war axe (weapon)
Armour
 c - a +0 buckler (worn)
 m - a +0 chain mail (worn)
Wands
 d - a wand of flame (23)
Scrolls
 e - a scroll of enchant weapon {unknown}
 f - 2 scrolls of enchant armour {unknown}
 h - a scroll of teleportation {unknown}
 n - a scroll of poison {unknown}
Potions
 i - a potion of cancellation {unknown}
 j - a potion of lignification {unknown}
 k - a potion of heal wounds {unknown}
 l - a potion of curing {unknown}


   Skills:
 - Level 3.2 Fighting
 + Level 7.0 Axes
 - Level 3.6 Armour
 - Level 3.6 Shields


You had 5 spell levels left.
You didn't know any spells.
Your spell library was empty.

Dungeon Overview and Level Annotations

Branches:
Dungeon (7/15) Zot: 3822
 Temple: D:4-7

Altars:
Dithmenos
Fedhas
Gozag
Hepliaklqana
Sif Muna
Vehumet
Xom


Innate Abilities, Weirdness & Mutations

You passively map a small area around you.
You are easily found by Zot.
You glow in the dark.
You regain HP and MP as you explore.


Message History

You feel very sick. You block the water moccasin's attack.
You slash the water moccasin!
The water moccasin is moderately wounded.
You feel sick. The water moccasin bites you!
* * * LOW HITPOINT WARNING * * *
The water moccasin bites you but does no damage.
You hit the water moccasin.
The water moccasin is severely wounded.
You feel sick. You block the water moccasin's attack.
You hit the water moccasin.
The water moccasin is severely wounded.
You feel sick.
The water moccasin bites you but does no damage. x2
You hit the water moccasin.
The water moccasin is almost dead.
You feel sick.
The water moccasin bites you but does no damage.
The water moccasin bites you.
* * * LOW HITPOINT WARNING * * *
You are lethally poisoned!
The water moccasin poisons you!
It was a potion of haste.
You feel yourself speed up.
* * * LOW HITPOINT WARNING * * *
You feel very sick.
The water moccasin bites you but does no damage.
It was a potion of berserk rage.
A red film seems to cover your vision as you go berserk!
You feel yourself moving faster!
You feel mighty!
* * * LOW HITPOINT WARNING * * *
You feel sick. The water moccasin bites you.
* * * LOW HITPOINT WARNING * * *
You completely miss the water moccasin.
The water moccasin is almost dead.
* * * LOW HITPOINT WARNING * * *
You feel very sick.
The water moccasin bites you but does no damage.
You slash the water moccasin!
You kill the water moccasin!
You die...

, * , , *
.o..... , *
*o..#... .o.....
, * *....... *
#### .......
#.<######o......
,
#.....##oo......
#.###.@†{5o.....
, #.
##.#######.. .#
#..# ## #..## *
,** * * #..# ###
* , *


You could see a shadow imp and 4 orcs.

Vanquished Creatures
  A water moccasin (D:7)
  A black bear (D:5)
  A hound (D:5)
  An iguana (D:6)
  3 gnolls (D:3)
  An adder (D:3)
  A worm (D:2)
  2 dart slugs
  A giant cockroach (D:1)
  3 jackals (D:5)
  2 kobolds (D:3)
  2 rats (D:3)
19 creatures vanquished.

Vanquished Creatures (others)
  6 fungi (D:5)
6 creatures vanquished.

Grand Total: 25 creatures vanquished

Notes
Turn   | Place    | Note
-------+----------+-------------------------------------------
     0 | D:1      | rlgrobin the Meteoran Fighter began the quest for the Orb.
     0 | D:1      | Reached XP level 1. HP: 19/19 MP: 2/2
    70 | D:2      | Reached skill level 3 in Axes
    70 | D:2      | Reached XP level 2. HP: 26/26 MP: 3/3
    85 | D:3      | Reached XP level 3. HP: 27/31 MP: 4/4
    89 | D:3      | Reached skill level 4 in Axes
   116 | D:3      | Reached XP level 4. HP: 26/38 MP: 5/5
   145 | D:3      | Found a faded altar of an unknown god.
   157 | D:3      | Prayed at the altar of an unknown god.
   157 | D:3      | Became a worshipper of Sif Muna the Loreminder
   157 | D:3      | Reached * piety under Sif Muna
   212 | D:4      | Found a hazy altar of Hepliaklqana.
   214 | D:4      | Found an opulent altar of Gozag.
   215 | D:4      | Found a shadowy altar of Dithmenos.
   216 | D:4      | Found a blossoming altar of Fedhas.
   218 | D:4      | Found a shimmering altar of Xom.
   221 | D:4      | Fell from the grace of Sif Muna
   221 | D:4      | Became a worshipper of Hepliaklqana the Forgotten
   258 | D:5      | Entered Level 5 of the Dungeon
   258 | D:5      | Noticed a black bear
   265 | D:5      | Reached skill level 5 in Axes
   265 | D:5      | Killed a black bear
   266 | D:5      | Reached skill level 6 in Axes
   266 | D:5      | Reached XP level 5. HP: 17/45 MP: 6/6
   268 | D:5      | Reached XP level 6. HP: 18/51 MP: 7/7
   272 | D:5      | Found a radiant altar of Vehumet.
   300 | D:6      | Reached skill level 7 in Axes
   338 | D:7      | Noticed a water moccasin
   362 | D:7      | HP: 1/76 [poisoned by a water moccasin]
   363 | D:7      | Killed a water moccasin
   363 | D:7      | Succumbed to a water moccasin's poison

Illustrated notes

Levels and vault maps discovered:
D:1:      tarquinn_simple_flora_water_c, layout_loops_ring
D:2:      layout_basic, serial_shops, shop_coins, shop, nicolae_shop_waterfront,
          shop, nicolae_shop_hallway_plus
D:3:      layout_loops_ring, chequers_ecumenical_altar_simple_redux,
          hangedman_decor_points
D:4:      layout_basic, minitemple
D:5:      layout_rooms, fiery_altar_vehumet, serial_aquarium,
          aquarium_bridge_long_joined [aquarium_subvault_wall,
          aquarium_subvault_bridge, aquarium_subvault_bridge,
          aquarium_subvault_wall, aquarium_subvault_wall,
          aquarium_subvault_wall], aquarium_window_corridor_1,
          aquarium_window_fake, aquarium_view_2g, aquarium_pool_1
D:6:      layout_basic, minmay_temple_entry_junction, hex_medium, uniq_pikel
D:7:      cheibrodos_grave_circle, layout_layer_cave,
          mainiacjoe_overflow_six_doors_small

Skill      XL: |  1  2  3  4  5  6 |
---------------+-------------------+-----
Axes           | 3 4 6 7 |  7.0
Fighting       | |  3.2
Armour         | |  3.6
Shields        | |  3.6

Action                     |  1- 3 |  4- 6 || total
---------------------------+-------+-------++-------
  Melee: War axe           |    20 |    39 ||    59
    Use: Potion            |       |     3 ||     3
 Armour: Scale mail        |     8 |     5 ||    13
         Chain mail        |       |    19 ||    19
  Dodge: Dodged            |     4 |    14 ||    18
  Block: Buckler           |     9 |    13 ||    22

Table legend: (Time is in decaauts)
 A = Elapsed time spent in this place.
 B = Non-inter-level travel time spent in this place.
 C = Inter-level travel time spent in this place.
 D = Time resting spent in this place.
 E = Time spent auto-exploring this place.
 F = Levels seen in this place.
 G = Mean time per level.
                   A        B        C        D        E       F      G
               +--------+--------+--------+--------+--------+-----+--------+
         Total |    377 |    377 |      0 |      0 |      0 |   7 |   53.9 |
       Dungeon |    377 |    377 |      0 |      0 |      0 |   7 |   53.9 |
               +--------+--------+--------+--------+--------+-----+--------+

Top non-repeatable levels by time:
     D:3: 121 daAuts
     D:4: 65 daAuts
     D:1: 55 daAuts
     D:6: 51 daAuts
     D:7: 31 daAuts
     D:5: 26 daAuts
     D:2: 24 daAuts
